 Dungeon Crawl Stone Soup version 0.30.0 (webtiles) character file.

Game seed: 13368043247404519991

21144 Mysteryquy the Cleaver (level 12, -3/78 HPs)
             Began as a Gargoyle Fighter on May 6, 2023.
             Was the Champion of Makhleb.
             Slain by a 12-headed hydra (9 damage)
             ... on level 2 of the Lair of Beasts.
             The game lasted 00:25:03 (12713 turns).

Mysteryquy the Cleaver (Gargoyle Fighter)          Turns: 12713, Time: 00:25:04

Health: -3/78      AC: 32    Str: 24    XL:     12   Next: 86%
Magic:  17/17      EV:  7    Int: 10    God:    Makhleb [******]
Gold:   590        SH:  0    Dex:  9    Spells: 11/11 levels left

rFire   . . .        N - +3 battleaxe (vamp)
rCold   + . .        (shield currently unavailable)
rNeg    + . .        k - +0 plate armour
rPois   ∞            r - +1 helmet
rElec   +            (no cloak)
rCorr   .            m - +0 pair of gloves
SInv    .            R - +0 pair of boots
Will    .....        l - amulet of faith
Stlth   x              - ring of protection from cold
HPRegen 0.33/turn    A - +4 ring of protection
MPRegen 0.15/turn

%: faith
@: about to teleport, studying Axes
A: sickness immunity, AC +8, negative energy resistance 1, electricity
resistance, torment resistance 1, petrification resistance
a: Renounce Religion, Minor Destruction, Lesser Servant of Makhleb, Major
Destruction, Greater Servant of Makhleb


You were on level 2 of the Lair of Beasts.
You worshipped Makhleb.
Makhleb was exalted by your worship.
You visited 2 branches of the dungeon, and saw 14 of its levels.

You collected 694 gold pieces.
You spent 104 gold pieces at shops.

Inventory:

Hand Weapons
 a - a +0 war axe
 N - a +3 vampiric battleaxe (weapon)
 O - a +3 battleaxe of venom
Missiles
 Q - 3 throwing nets (quivered)
Armour
 b - a +0 scale mail
 c - a +0 buckler
 f - an orb of guile
 k - a +0 plate armour (worn)
 m - a +0 pair of gloves (worn)
 r - a +1 helmet (worn)
 R - a +0 pair of boots (worn)
Jewellery
 j - an amulet of reflection
 l - an amulet of faith (around neck)
 n - a ring of protection from cold
 x - a ring of protection from cold (left hand)
 A - a +4 ring of protection (right hand)
 E - a ring of flight
 W - an amulet of guardian spirit
 X - a ring of ice
Wands
 B - a wand of charming (3)
 F - a wand of roots (22)
 J - a wand of polymorph (7)
 L - a wand of digging (6)
 M - a wand of mindburst (5)
 P - a wand of quicksilver (7)
Scrolls
 e - 11 scrolls of identify
 g - a scroll of blinking {unknown}
 h - 3 scrolls of teleportation
 q - a scroll of torment
 s - a scroll of vulnerability {unknown}
 w - 2 scrolls of fog
 y - 2 scrolls of enchant armour
 S - 2 scrolls of amnesia
Potions
 d - 4 potions of curing
 i - a potion of flight
 o - 3 potions of heal wounds
 p - 4 potions of ambrosia {unknown}
 u - 2 potions of mutation
 v - 2 potions of lignification {unknown}
 D - 2 potions of resistance {unknown}
 G - a potion of invisibility
 H - a potion of haste
 I - 3 potions of degeneration {unknown}
 U - 2 potions of might
 Z - a potion of berserk rage {unknown}
Miscellaneous
 V - a phantom mirror
 Y - a piece from Xom's chessboard (15/15)


   Skills:
 + Level 10.5 Fighting
 + Level 14.5 Axes
 + Level 9.5 Armour
 + Level 1.2 Dodging
 + Level 3.7 Stealth
 + Level 6.0 Shields
 * Level 7.4 Invocations
 + Level 0.2 Evocations


You had 11 spell levels left.
You didn't know any spells.
Your spell library contained the following spells:

 Spells                   Type           Power      Damage    Failure   Level
 Apportation              Tloc           0%         N/A       99%         1
 Necrotise                Necr           0%         1d4       99%         1
 Sandblast                Erth           0%         2d4       99%         1
 Sting                    Tmut/Pois      0%         1d3       99%         1
 Summon Small Mammal      Summ           0%         N/A       99%         1
 Blink                    Tloc           0%         N/A       100%        2
 Lesser Beckoning         Tloc           0%         N/A       100%        2
 Passwall                 Tmut/Erth      0%         N/A       100%        2
 Poisonous Vapours        Pois/Air       0%         N/A       100%        2
 Gell's Gravitas          Tloc           0%         N/A       100%        3
 Hailstorm                Conj/Ice       0%         3d3       100%        3
 Ozocubu's Armour         Ice            0%         N/A       100%        3
 Stone Arrow              Conj/Erth      0%         3d7       100%        3
 Teleport Other           Tloc           0%         N/A       100%        3
 Ice Form                 Ice/Tmut       0%         N/A       100%        4
 Manifold Assault         Tloc           0%         N/A       100%        4
 Olgreb's Toxic Radiance  Pois           0%         N/A       100%        4
 Summon Ice Beast         Ice/Summ       0%         N/A       100%        4
 Metabolic Englaciation   Hex/Ice        0%         N/A       100%        5
 Simulacrum               Ice/Necr       0%         N/A       100%        6
 Ozocubu's Refrigeration  Ice            0%         4d7       100%        7
 Spellforged Servitor     Conj/Summ      0%         N/A       100%        7
 Storm Form               Tmut/Air       0%         N/A       100%        7
 Summon Hydra             Summ           0%         N/A       100%        7
 Polar Vortex             Ice            0%         N/A       100%        9


Dungeon Overview and Level Annotations

Branches:
Dungeon (12/15)            Temple (0/1) D:4            Lair (2/5) D:10
  Swamp: Lair:2-3    Shoals: Lair:2-3     Snake: Lair:2-3    Spider: Lair:2-3
    Orc: D:9-12

Altars:
Cheibriados
Fedhas
Gozag
Makhleb
Nemelex Xobeh
Ru
Uskayaw
Vehumet
Yredelemnul

Shops:
D:2 *   D:5 **   D:10 !


Innate Abilities, Weirdness & Mutations

You are immune to sickness and miasma.
Your stone body is resilient. (AC +8)
You are immune to poison.
You resist negative energy. (rN+)
You are resistant to electric shocks. (rElec)
You are resistant to unholy torment.
You are immune to petrification.


Message History

Unknown command.
You are too injured to fight recklessly!
Unknown command.
You are too injured to fight recklessly!
Unknown command.
You are too injured to fight recklessly!
Unknown command.
You are too injured to fight recklessly!
Unknown command.
You are too injured to fight recklessly!
Unknown command.
You are too injured to fight recklessly!
Unknown command.
You are too injured to fight recklessly!
Unknown command.
Aiming: Polymorph
Press: ? - help, Q - select action, (/) - cycle Shift-Dir - straight line, f - 12-headed hydra
Aim: a 12-headed hydra (heavily wounded, will become an alligator, a water nymph, or a ghost moth, chance to affect: 17%)
The 12-headed hydra resists with almost no effort.
The 12-headed hydra bites you but does no damage. x2
The 12-headed hydra closely misses you. The 12-headed hydra bites you.
The 12-headed hydra bites you!
* * * LOW HITPOINT WARNING * * *
The 12-headed hydra barely misses you. x2
The 12-headed hydra bites you but does no damage. x5
As you read the scroll of teleportation, it crumbles to dust.
You feel strangely unstable.
The 12-headed hydra bites you but does no damage. x3
The 12-headed hydra bites you.
* * * LOW HITPOINT WARNING * * *
The 12-headed hydra completely misses you.
The 12-headed hydra bites you but does no damage.
The 12-headed hydra barely misses you. The 12-headed hydra closely misses you.
The 12-headed hydra bites you but does no damage.
The 12-headed hydra bites you.
* * * LOW HITPOINT WARNING * * *
The 12-headed hydra bites you.
* * * LOW HITPOINT WARNING * * *
The 12-headed hydra bites you!
You die...

#.......## .
#........#
P###.......##
............#
#.......<##
##.......#
##....P###
#<....##
#@##### #+D#
... .....
.......
>.....#
......#
......#


You could see a 12-headed hydra.

Vanquished Creatures
  A centaur warrior (D:11)
  Erica (D:8)
  2 two-headed ogres
  6 death yaks
  An orb spider (D:10)
  Pikel (D:8)
  A deep elf pyromancer (D:12)
  An ugly thing (D:9)
  3 cane toads (Lair:1)
  Maggie (D:7)
  A komodo dragon (Lair:1)
  3 kobold demonologists
  2 trolls
  Grinder (D:6)
  A polar bear (Lair:1)
  A merfolk (D:10)
  A vampire (D:11)
  A wyvern (D:10)
  4 yaks
  2 hogs (D:11)
  A wraith (D:11)
  2 humans
  A steam dragon (D:8)
  7 vampire mosquitoes (D:11)
  7 water moccasins
  Duvessa (D:4)
  5 orc warriors
  An ice beast (D:7)
  4 black bears
  3 ogres
  3 centaurs
  5 wolves (Lair:1)
  6 phantoms
  4 kobold brigands
  10 bullfrogs
  3 gnoll sergeants
  9 wights
  Dowan (D:4)
  17 killer bees
  11 howler monkeys
  A crimson imp (D:7)
  5 hounds
  3 jellies
  5 orc priests
  5 sleepcaps
  Natasha (twice) (D:3)
  2 iguanas
  8 orc wizards
  8 adders
  17 gnolls
  2 shadow imps
  3 white imps (D:7)
  2 ufetubi (D:5)
  36 orcs
  5 ball pythons
  4 endoplasms
  3 giant cockroaches
  7 goblins
  4 hobgoblins
  4 jackals (D:2)
  2 quokkas
  2 bats
  4 frilled lizards
  17 kobolds
  4 rats
291 creatures vanquished.

Vanquished Creatures (collateral kills)
  Nergalle (D:10)
  A kobold demonologist (D:11)
  A kobold (D:11)
3 creatures vanquished.

Vanquished Creatures (others)
  40 fungi
  46 plants
86 creatures vanquished.

Grand Total: 380 creatures vanquished

Notes
Turn   | Place    | Note
-------+----------+-------------------------------------------
     0 | D:1      | Mysteryquy the Gargoyle Fighter began the quest for the
                  | Orb.
     0 | D:1      | Reached XP level 1. HP: 14/14 MP: 1/1
   162 | D:1      | Reached skill level 2 in Axes
   186 | D:1      | Reached XP level 2. HP: 19/19 MP: 2/2
  1150 | D:2      | Reached XP level 3. HP: 23/23 MP: 3/3
  1238 | D:2      | Found a faded altar of an unknown god.
  1306 | D:2      | Prayed at the altar of an unknown god.
  1306 | D:2      | Became a worshipper of Makhleb the Destroyer
  1306 | D:2      | Reached * piety under Makhleb
  1373 | D:2      | Found Obbuz's Assorted Antiques.
  1542 | D:3      | Found a sparkling altar of Nemelex Xobeh.
  1599 | D:3      | Found a snail-covered altar of Cheibriados.
  1675 | D:3      | Noticed Natasha
  1680 | D:3      | Killed Natasha
  1681 | D:3      | Reached XP level 4. HP: 28/28 MP: 4/4
  2134 | D:3      | Noticed Natasha
  2147 | D:3      | Killed Natasha
  2148 | D:3      | Reached skill level 3 in Axes
  2239 | D:3      | Got the Elucidation of the Mob
  2241 | D:3      | Found a blossoming altar of Fedhas.
  2325 | D:4      | Noticed a phantom
  2340 | D:4      | Killed a phantom
  2341 | D:4      | Reached XP level 5. HP: 23/33 MP: 5/5
  2344 | D:4      | Found a staircase to the Ecumenical Temple.
  2351 | D:4      | Reached skill level 4 in Axes
  2520 | D:4      | Noticed a phantom
  2536 | D:4      | Killed a phantom
  2536 | D:4      | Reached ** piety under Makhleb
  2537 | D:4      | Reached XP level 6. HP: 35/38 MP: 6/6
  2561 | D:4      | Noticed Duvessa
  2571 | D:4      | Noticed Dowan
  2578 | D:4      | Killed Duvessa
  2600 | D:4      | Killed Dowan
  2601 | D:4      | Reached skill level 5 in Axes
  2601 | D:4      | Reached XP level 7. HP: 7/43 MP: 7/7
  3047 | D:5      | Entered Level 5 of the Dungeon
  3290 | D:4      | Reached skill level 6 in Axes
  3291 | D:4      | Reached skill level 5 in Armour
  3303 | D:5      | Reached XP level 8. HP: 48/48 MP: 8/8
  3392 | D:5      | Found a basalt altar of Yredelemnul.
  3411 | D:5      | Noticed a troll
  3431 | D:5      | Killed a troll
  3432 | D:5      | Reached skill level 5 in Fighting
  3432 | D:5      | Reached skill level 7 in Axes
  3621 | D:5      | Found Zolezudo's Fire Supplies.
  3950 | D:5      | Found Pafyumuff's Serpentskin Sales.
  4054 | D:5      | Reached skill level 5 in Shields
  4182 | D:6      | Found a large runed translucent door.
  4182 | D:6      | Found a large runed translucent door.
  4302 | D:6      | Reached *** piety under Makhleb
  4535 | D:6      | Reached XP level 9. HP: 40/54 MP: 9/9
  4678 | D:6      | Noticed Grinder
  4690 | D:6      | Killed Grinder
  4691 | D:6      | Reached skill level 8 in Axes
  5360 | D:6      | Found a burning altar of Makhleb.
  5380 | D:6      | Found a sacrificial altar of Ru.
  5732 | D:7      | Noticed Maggie
  5740 | D:7      | Reached **** piety under Makhleb
  5763 | D:7      | Killed Maggie
  5764 | D:7      | Reached skill level 9 in Axes
  5963 | D:7      | You fall into a shaft and drop 1 floor!
  6622 | D:7      | Reached XP level 10. HP: 61/61 MP: 10/10
  6622 | D:7      | Found a radiant altar of Vehumet.
  6656 | D:7      | Found an opulent altar of Gozag.
  6844 | D:8      | Reached skill level 1 in Dodging
  7041 | D:8      | Reached skill level 10 in Axes
  7411 | D:8      | Noticed Erica
  7425 | D:8      | Killed Erica
  7426 | D:8      | Reached skill level 1 in Invocations
  7553 | D:8      | Reached ***** piety under Makhleb
  7776 | D:8      | Noticed Pikel
  7786 | D:8      | Killed Pikel
  8010 | D:9      | Noticed a two-headed ogre
  8019 | D:9      | Killed a two-headed ogre
  8027 | D:9      | Reached skill level 11 in Axes
  8041 | D:9      | Reached XP level 11. HP: 30/68 MP: 13/13
  8413 | D:9      | Noticed a brown ugly thing
  8418 | D:9      | Killed a brown ugly thing
  8766 | D:10     | Entered Level 10 of the Dungeon
  8785 | D:10     | Noticed a two-headed ogre
  8792 | D:10     | a two-headed ogre changed into an orb spider
  8792 | D:10     | Noticed an orb spider
  8800 | D:10     | Killed an orb spider
  8854 | D:10     | Noticed Nergalle
  8862 | D:10     | Killed Nergalle
  8934 | D:10     | Found a hide-covered altar of Uskayaw.
  8970 | D:10     | Found Fijohedu's Distillery.
  9025 | D:10     | Bought a potion of mutation for 104 gold pieces
  9054 | D:10     | Noticed Sonja
  9055 | D:10     | Sonja changed into Sonja the human
  9055 | D:10     | Noticed Sonja
  9057 | D:10     | Noticed Fannar
  9084 | D:10     | Killed Sonja the human
  9146 | D:10     | Found a staircase to the Lair.
  9154 | D:10     | Reached skill level 5 in Invocations
  9154 | D:10     | Fannar changed into Fannar the merfolk
  9154 | D:10     | Noticed Fannar
  9164 | D:10     | Killed Fannar the merfolk
  9405 | D:10     | Identified the +6 trident "Trog's Hatred" {venom, rC+
                  | Str+4}
  9544 | Lair:1   | Entered Level 1 of the Lair of Beasts
  9544 | Lair:1   | Noticed a death yak
  9544 | Lair:1   | Noticed a death yak
  9544 | Lair:1   | Noticed a death yak
  9544 | Lair:1   | Noticed a death yak
  9544 | Lair:1   | Noticed a death yak
  9544 | Lair:1   | Noticed a death yak
  9555 | D:10     | Killed a death yak
  9556 | D:10     | Reached skill level 12 in Axes
  9803 | D:11     | Noticed a centaur warrior
  9818 | D:11     | Killed a centaur warrior
  9919 | D:11     | Noticed a soul eater
  9934 | D:11     | Reached XP level 12. HP: 48/77 MP: 16/16
 10033 | D:11     | Identified a scroll of acquirement
 10033 | D:11     | Acquired a manual of Axes
 10229 | D:11     | Noticed a two-headed ogre
 10355 | D:11     | Killed a two-headed ogre
 10356 | D:11     | Reached skill level 10 in Fighting
 10637 | D:11     | Reached skill level 13 in Axes
 11376 | D:12     | Noticed a two-headed ogre
 11377 | D:12     | Reached ****** piety under Makhleb
 11441 | Lair:1   | Killed a death yak
 11451 | Lair:1   | Killed a death yak
 11452 | Lair:1   | Reached skill level 1 in Stealth
 11452 | Lair:1   | Killed a death yak
 11455 | Lair:1   | Killed a death yak
 11459 | Lair:1   | Killed a death yak
 11520 | Lair:1   | Reached skill level 14 in Axes
 12698 | Lair:2   | Noticed a five-headed hydra
 12713 | Lair:2   | Slain by a 12-headed hydra

Illustrated notes

Levels and vault maps discovered:
D:1:      beargit_arrival_greenhouse, layout_basic
D:2:      layout_basic, ebering_ecumenical_altar_hall, serial_shops, shop,
          minmay_small_reverse_x
D:3:      layout_loops_ring, lemuel_coloured_pillars_altar, marbit_many_paths,
          lemuel_round_altar, serial_park_tiny_2, uniq_natasha
D:4:      layout_rooms, minmay_temple_entry_overgrown, uniq_duvessa
D:5:      layout_rooms, mainiacjoe_overflow_alcove_2,
          chequers_serial_rivers_small_3, minmay_door_square, minmay_hedge_maze,
          grunt_ministairs_3, nicolae_shop_fire_sale [nicolae_sub_dead_trees],
          guppyfry_shop_venom
D:6:      layout_loops_corners, jmf_multi_god_temple2, dk_vineyard_1,
          chequers_serial_rivers_micro_c, uniq_grinder
D:7:      layout_loops_ring, mainiacjoe_overflow_two_lobes,
          minmay_fire_ice_demons, uniq_maggie
D:8:      layout_loops_ring, chequers_jeans, kennysheep_generic_room_6,
          uniq_pikel, uniq_erica
D:9:      layout_cave_pools, lightli_fourway_metalbox
D:10:     layout_cave_pools, eat_drink_and_be_merry_uskayaw,
          due_lair_maze_entry_diamond, serial_shops, shop, uniq_sonja,
          uniq_fannar, uniq_nergalle
D:11:     layout_layer_cave, grunt_livestock
D:12:     minmay_octo_star, layout_cave_pools, david_orc_2, serial_shops,
          nicolae_stop_n_shop_1, hangedman_decor_points
Lair:1:   layout_layer_cave, serial_bayou_pond_d
Lair:2:   layout_roguey, nicolae_swamp_entry_splash_gauntlet,
          dummy_spider_entry, serial_bayou_shore_b, lemuel_fruit_fields

Skill      XL: |  1  2  3  4  5  6  7  8  9 10 11 12 |
---------------+-------------------------------------+-----
Axes           | 2 3 4 5 6 7 9 11 12 14 | 14.5
Armour         | 4 5 6 7 8 9 |  9.5
Fighting       | 4 5 6 8 9 10 | 10.5
Shields        | 4 5 6 |  6.0
Dodging        | 1 |  1.2
Invocations    | 3 5 7 |  7.4
Stealth        | 3 |  3.7
Evocations     | |  0.2

Action                     |  1- 3 |  4- 6 |  7- 9 | 10-12 || total
---------------------------+-------+-------+-------+-------++-------
  Melee: War axe           |   124 |   102 |   464 |    72 ||   762
         Battleaxe         |       |       |       |   504 ||   504
 Invoke: Greater Servant o |       |       |       |     1 ||     1
  Evoke: Wand              |       |       |       |     4 ||     4
         Phantom mirror    |       |       |       |     1 ||     1
    Use: Potion            |       |     1 |     2 |     8 ||    11
         Scroll            |       |       |       |    15 ||    15
   Stab: Invisible         |       |       |       |    13 ||    13
 Armour: Scale mail        |    58 |       |       |       ||    58
         Plate armour      |    27 |    70 |   391 |   803 ||  1291
  Dodge: Dodged            |    50 |    33 |   179 |   325 ||   587
  Block: Buckler           |    23 |    26 |   114 |    10 ||   173
